 Dungeon Crawl Stone Soup version 0.32-a0-361-g289a535e89 (webtiles) character file.

Game seed: 4541112528888032159

70 porpoise the Cutter (level 4, -5/35 HPs)
             Began as a Coglin Gladiator on Feb 18, 2024.
             Slain by Crazy Yiuf
             ... wielding a +4 quarterstaff of chaos
              (7 damage)
             ... on level 2 of the Dungeon.
             The game lasted 00:04:33 (1115 turns).

porpoise the Cutter (Coglin Gladiator)              Turns: 1115, Time: 00:04:34

Health: -5/35      AC:  5    Str: 14    XL:     4   Next: 22%
Magic:  4/4        EV: 12    Int:  7    God:
Gold:   177        SH:  0    Dex: 18    Spells: 3/3 levels left

rFire   . . .        a - +0 rapier {Preben}
rCold   . . .        b - +0 dagger {Somchit}
rNeg    . . .        f - +0 leather armour
rPois   .            c - +0 helmet
rElec   .            (no cloak)
rCorr   .            (no gloves)
SInv    .            o - +0 pair of boots
Will    .....        (no amulet)
Stlth   +            (no ring)
HPRegen 0.25/turn    (no ring)
MPRegen 0.09/turn

%: no passive effects
@: hasted and slowed, revved, stiff-legged, very slow
A: off-hand wielding, slow wielding, warmup strikes, warmup strides
a: no special abilities


You were on level 2 of the Dungeon.
You visited 1 branch of the dungeon, and saw 2 of its levels.

You collected 177 gold pieces.

Inventory:

Hand Weapons
 a - a +0 rapier (weapon) {Preben}
 b - a +0 dagger (worn) {Somchit}
Missiles
 d - 3 throwing nets
 e - a javelin (quivered)
Armour
 c - a +0 helmet (worn)
 f - a +0 leather armour (worn)
 o - a +0 pair of boots (worn)
Scrolls
 g - a scroll of teleportation {unknown}
 h - a scroll of blinking {unknown}
 i - a scroll of amnesia {unknown}
 k - 2 scrolls of fog {unknown}
 n - 2 scrolls of identify {unknown}
Potions
 j - a potion of mutation {unknown}
 l - a potion of brilliance {unknown}
 m - a potion of curing {unknown}


   Skills:
 * Level 3.3 Fighting
 * Level 3.7 Short Blades
 - Level 1.7 Throwing
 - Level 2.6 Dodging


You had 3 spell levels left.
You didn't know any spells.
Your spell library was empty.

Dungeon Overview and Level Annotations

Branches:
Dungeon (2/15)

Altars:

Annotations:
D:2 Crazy Yiuf


Innate Abilities, Weirdness & Mutations

You can wield a second weapon in your off-hand.
It takes a long time for you to wield or remove held weapons.
Your first few attacks do less damage.
Your first movements take longer.


Message History

You barely miss Crazy Yiuf with your +0 rapier.
You hit Crazy Yiuf but do no damage.
Crazy Yiuf is heavily wounded.
You hit Crazy Yiuf but do no damage.
Crazy Yiuf hits you with a +4 quarterstaff of chaos.
* * * LOW HITPOINT WARNING * * *
Crazy Yiuf burns you.
* * * LOW HITPOINT WARNING * * *
You hit Crazy Yiuf with your +0 dagger.
Crazy Yiuf is heavily wounded.
You hit Crazy Yiuf with your +0 rapier. You hit Crazy Yiuf but do no damage.
Crazy Yiuf is severely wounded.
You hit Crazy Yiuf but do no damage. Crazy Yiuf closely misses you.
You hit Crazy Yiuf with your +0 rapier.
Crazy Yiuf is severely wounded.
You barely miss Crazy Yiuf with your +0 dagger.
Crazy Yiuf closely misses you.
You hit Crazy Yiuf but do no damage.
Crazy Yiuf is severely wounded.
You hit Crazy Yiuf with your +0 dagger.
You closely miss Crazy Yiuf with your +0 dagger.
Crazy Yiuf is severely wounded.
You hit Crazy Yiuf but do no damage. Crazy Yiuf barely misses you.
You hit Crazy Yiuf with your +0 rapier.
Crazy Yiuf is almost dead.
You hit Crazy Yiuf with your +0 dagger. You hit Crazy Yiuf but do no damage.
Crazy Yiuf is almost dead.
You hit Crazy Yiuf but do no damage.
Crazy Yiuf screams, "Lugonu!
Papa tea canine."
Crazy Yiuf hits you with a +4 quarterstaff of chaos!
* * * LOW HITPOINT WARNING * * *
You feel yourself slow down.
You hit Crazy Yiuf with your +0 rapier.
Crazy Yiuf is almost dead.
You barely miss Crazy Yiuf with your +0 dagger.
Crazy Yiuf says, "I'm not crazy!"
Crazy Yiuf hits you with a +4 quarterstaff of chaos!
You die...

### ###### #)..###
##..#.##
#...g@####......#
#...##..#.......#
### ###.#...##.#
########.# #.# #
### ### #.# # #.#
#.# #####.#
#############.# #.#
#...#.#
..............###.#
#..##.#


You could see Crazy Yiuf.

Vanquished Creatures
  An adder (D:2)
  A dart slug (D:1)
  3 bats
  3 endoplasms (D:1)
  3 giant cockroaches
  3 hobgoblins (D:1)
  4 jackals
  4 kobolds (D:1)
  2 ball pythons
  4 frilled lizards
  6 rats
34 creatures vanquished.

Notes
Turn   | Place    | Note
-------+----------+-------------------------------------------
     0 | D:1      | porpoise the Coglin Gladiator began the quest for the Orb.
     0 | D:1      | Reached XP level 1. HP: 16/16 MP: 1/1
    36 | D:1      | Reached XP level 2. HP: 23/23 MP: 2/2
   204 | D:1      | Reached XP level 3. HP: 26/28 MP: 3/3
   930 | D:2      | Reached XP level 4. HP: 31/35 MP: 4/4
  1093 | D:2      | Found a runed translucent door.
  1094 | D:2      | Noticed Crazy Yiuf
  1115 | D:2      | Slain by Crazy Yiuf

Illustrated notes

Levels and vault maps discovered:
D:1:      matt_arrival_grand_opening, layout_basic
D:2:      layout_basic, uniq_crazy_yiuf_cottage

Skill      XL: |  1  2  3 |
---------------+----------+-----
Short Blades   | 3 |  3.7
Fighting       | 3 |  3.3
Throwing       | |  1.7
Dodging        | |  2.6

Action                     |  1- 3 |  4- 6 || total
---------------------------+-------+-------++-------
  Melee: Rapier            |    66 |    35 ||   101
         Dagger            |    49 |    32 ||    81
   Stab: Sleeping          |     1 |       ||     1
 Armour: Leather armour    |    29 |    13 ||    42
  Dodge: Dodged            |    35 |    20 ||    55

Table legend: (Time is in decaauts)
 A = Elapsed time spent in this place.
 B = Non-inter-level travel time spent in this place.
 C = Inter-level travel time spent in this place.
 D = Time resting spent in this place.
 E = Time spent auto-exploring this place.
 F = Levels seen in this place.
 G = Mean time per level.
                   A        B        C        D        E       F      G
               +--------+--------+--------+--------+--------+-----+--------+
         Total |   1166 |   1148 |     18 |    158 |    681 |   2 |  583.0 |
       Dungeon |   1166 |   1148 |     18 |    158 |    681 |   2 |  583.0 |
               +--------+--------+--------+--------+--------+-----+--------+

Top non-repeatable levels by time:
     D:1: 786 daAuts
     D:2: 380 daAuts
